 Dungeon Crawl Stone Soup version 0.30-b1-2-g02819fbbbe (webtiles) character file.

Game seed: 6787159997255154241

3791 raph the Frost Mage (level 10, -1/74 HPs)
             Began as a Merfolk Ice Elementalist on June 9, 2023.
             Was an Initiate of Gozag.
             Engulfed by a fire crab's flame (10 damage)
             ... on level 8 of the Dungeon.
             The game lasted 00:18:48 (10012 turns).

raph the Frost Mage (Merfolk Ice Elementalist)     Turns: 10012, Time: 00:18:49

Health: -1/74      AC: 12    Str:  9    XL:     10   Next: 16%
Magic:  13/17      EV: 17    Int: 18    God:    Gozag
Gold:   993        SH:  0    Dex: 21    Spells: 4/19 levels left

rFire   . . .        d - +0 spear
rCold   . . .        (no shield)
rNeg    . . .        H - +0 steam dragon scales
rPois   .            (no helmet)
rElec   .            l - +2 cloak
rCorr   .            o - +1 pair of gloves
SInv    .            F - +1 pair of boots
Will    .....        k - amulet of regeneration
Stlth   ++           B - +6 ring of dexterity
HPRegen 1.12/turn    (no ring)
MPRegen 0.15/turn

%: no passive effects
@: no status effects
A: (nimble swimmer 2), mertail
a: Renounce Religion, Potion Petition, Call Merchant, Bribe Branch


You were on level 8 of the Dungeon.
You worshipped Gozag.
Gozag was pleased with you.
You visited 2 branches of the dungeon, and saw 9 of its levels.
You also visited: Sewer and Ossuary.

You collected 1111 gold pieces.
You paid 118 gold pieces to Gozag.

Inventory:

Hand Weapons
 d - a +0 spear (weapon)
Missiles
 g - 5 javelins
 h - 2 poisoned darts
 v - a throwing net
Armour
 l - a +2 cloak (worn)
 o - a +1 pair of gloves (worn)
 y - a +0 cloak of poison resistance
 z - a +1 leather armour of cold resistance
 F - a +1 pair of boots (worn)
 H - +0 steam dragon scales (worn)
Jewellery
 k - an amulet of regeneration (around neck)
 s - a ring of ice
 B - a +6 ring of dexterity (left hand)
 C - a ring of flight
Wands
 m - a wand of polymorph (17)
 r - a wand of acid (5)
 D - a wand of charming (8)
Scrolls
 n - a scroll of fear
 A - a scroll of blinking
 E - 2 scrolls of teleportation
Potions
 b - 3 potions of magic
 c - a potion of resistance {unknown}
 e - 4 potions of curing
 i - 4 potions of ambrosia
 j - 4 potions of attraction
 p - a potion of heal wounds
 q - 2 potions of mutation
 t - a potion of lignification {unknown}
 u - 4 potions of brilliance
 w - 2 potions of flight
 x - a potion of cancellation {unknown}
 I - a potion of experience {unknown}
 J - 2 potions of berserk rage
 K - a potion of haste {unknown}
 L - a potion of invisibility {unknown}


   Skills:
 - Level 5.4 Fighting
 - Level 7.2 Dodging
 - Level 2.1 Stealth
 - Level 5.0 Spellcasting
 + Level 5.6 Summonings
 + Level 3.7 Transmutations
 + Level 10.9 Ice Magic


You had 4 spell levels left.
You knew the following spells:

 Your Spells              Type           Power      Damage    Failure   Level
a - Freeze                Ice            100%       1d10      1%          1
b - Frozen Ramparts       Ice            86%        1d13      1%          3
c - Ozocubu's Armour      Ice            43%        N/A       1%          3
d - Summon Ice Beast      Ice/Summ       34%        N/A       4%          4
e - Ice Form              Ice/Tmut       31%        N/A       6%          4

Your spell library contained the following spells:

 Spells                   Type           Power      Damage    Failure   Level
 Ignite Poison            Fire/Tmut/Pois 9%         N/A       24%         3
 Sticky Flame             Conj/Fire      4%         2d3       78%         4
 Metabolic Englaciation   Hex/Ice        12%        N/A       36%         5
 Alistair's Intoxication  Tmut/Pois      7%         N/A       86%         5
 Borgnjor's Vile Clutch   Necr/Erth      2%         N/A       98%         5
 Eringya's Noxious Bog    Tmut/Pois      5%         N/A       100%        6
 Ignition                 Fire           2%         3d3       100%        8
 Simulacrum               Ice/Necr       Unusable   N/A       N/A         6

Dungeon Overview and Level Annotations

Branches:
Dungeon (8/15)             Temple (1/1) D:4            Lair (0/5) D:8
  Sewer (visited)         Ossuary (visited)

Altars:
Ashenzari
Cheibriados
Dithmenos
Elyvilon
Fedhas
Gozag
Hepliaklqana
Kikubaaqudgha
Makhleb
Nemelex Xobeh
Okawaru
Ru
Sif Muna
Trog
Uskayaw
Vehumet
Wu Jian
Xom
Yredelemnul
Zin
The Shining One

Annotations:
D:4 Menkaure
D:7 2 transporters


Innate Abilities, Weirdness & Mutations

((You are very nimble when in or above water. (Stealth+, EV+, Speed+++)))
Your lower body shifts to a powerful aquatic tail in water.


Message History

The fire crab bites you!
* * * LOW HITPOINT WARNING * * *
You are engulfed in flames!
* * * LOW HITPOINT WARNING * * *
The fire crab claws you but does no damage.
Blink to where?
Press: ? - help, Dir - move target, p - fire crab A bullfrog comes into view.
Found 5 stones and 10 gold pieces.
As you read the scroll of blinking, it crumbles to dust.
The bullfrog croaks.
Aiming: Freeze (safe; 1% risk of failure)
Press: ? - help, Q - select action, (/) - cycle Shift-Dir - straight line, f - bullfrog
Aim: a bullfrog You freeze the bullfrog.
The bullfrog is moderately wounded.
The bullfrog seems to slow down.
The bullfrog completely misses you. The bullfrog attacks as you move away!
The bullfrog misses you.
Found a wand of charming (7).
The bullfrog is no longer moving slowly.
Aiming: Freeze (safe; 1% risk of failure)
Press: ? - help, Q - select action, (/) - cycle Shift-Dir - straight line, f/p - bullfrog
Aim: a bullfrog (lightly wounded)
You freeze the bullfrog!
The bullfrog is severely wounded.
The bullfrog hits you but does no damage.
Aiming: Freeze (safe; 1% risk of failure)
Press: ? - help, Q - select action, (/) - cycle Shift-Dir - straight line, f/p - bullfrog
Aim: a bullfrog (severely wounded)
You freeze the bullfrog.
The bullfrog is almost dead.
The bullfrog seems to slow down.
The bullfrog closely misses you. The fire crab breathes flames at you.
The blast of flame engulfs you.
* * * LOW HITPOINT WARNING * * *
You are engulfed in blazing flames.
You die...
Your body crumbles into a pile of gold.

$ #.. #... ######
#... #....### #...
#.##.○.#
#...##.##@..#...
+....(.F○○.....^.
####......○○○.......
#........☼##○○.#####
#.......☼.##...#
#......t..##./.#
######....##...#
#....##...#
#....##...####


You could see a fire crab and a bullfrog (slow).

Vanquished Creatures
  Maggie (D:6)
  Sigmund (D:3)
  A wyvern (D:7)
  Eustachio (D:4)
  A steam dragon (D:7)
  2 water moccasins
  Duvessa (D:6)
  An ice beast (D:7)
  A sky beast (D:6)
  3 black bears
  An ogre (D:6)
  A phantom (D:5)
  Blork the orc (D:4)
  10 scorpions
  A bullfrog (Sewer)
  Dowan (D:6)
  4 killer bees (D:8)
  A howler monkey (D:8)
  A centaur zombie (Ossuary)
  3 hounds
  2 orc priests
  Crazy Yiuf (D:5)
  2 iguanas
  A sleepcap (D:6)
  Natasha (thrice) (D:4)
  2 orc wizards
  2 mummies (Ossuary)
  2 gnolls (D:6)
  5 river rats
  12 adders
  A shadow imp (D:7)
  A white imp (D:6)
  3 dart slugs
  7 orcs
  7 ball pythons
  5 endoplasms
  9 giant cockroaches
  7 goblins
  5 hobgoblins
  2 jackals (D:1)
  9 kobolds
  9 quokkas
  3 bats
  10 frilled lizards
  A gnoll zombie (Ossuary)
  4 goblin zombies (Ossuary)
  3 hobgoblin zombies (Ossuary)
  2 orc zombies (Ossuary)
  7 rats
164 creatures vanquished.

Vanquished Creatures (collateral kills)
  3 scorpions (Ossuary)
  A centaur zombie (Ossuary)
  A human zombie (Ossuary)
  2 scorpion zombies (Ossuary)
  A mummy (Ossuary)
  2 goblin zombies (Ossuary)
  A hobgoblin zombie (Ossuary)
  4 kobold zombies (Ossuary)
  An orc zombie (Ossuary)
16 creatures vanquished.

Vanquished Creatures (others)
  35 plants (D:6)
35 creatures vanquished.

Grand Total: 215 creatures vanquished

Notes
Turn   | Place    | Note
-------+----------+-------------------------------------------
     0 | D:1      | raph the Merfolk Ice Elementalist began the quest for the
                  | Orb.
     0 | D:1      | Reached XP level 1. HP: 13/13 MP: 3/3
   229 | D:1      | Reached XP level 2. HP: 19/19 MP: 0/5
   331 | D:1      | You fall into a shaft and drop 1 floor!
   555 | D:1      | Reached skill level 5 in Ice Magic
   832 | D:1      | Reached XP level 3. HP: 10/24 MP: 0/6
  1153 | D:2      | Learned a level 3 spell: Frozen Ramparts
  1403 | D:2      | Reached XP level 4. HP: 29/30 MP: 2/7
  1562 | D:3      | Found a glowing drain.
  1567 | Sewer    | Entered a sewer
  1585 | Sewer    | Reached skill level 6 in Ice Magic
  1967 | Sewer    | Reached skill level 1 in Fighting
  1982 | Sewer    | Learned a level 3 spell: Ozocubu's Armour
  2045 | Sewer    | Noticed a bullfrog
  2060 | Sewer    | Killed a bullfrog
  2061 | Sewer    | Reached XP level 5. HP: 30/37 MP: 3/8
  2760 | D:3      | Noticed Sigmund
  2776 | D:3      | Killed Sigmund
  2777 | D:3      | Reached skill level 7 in Ice Magic
  2777 | D:3      | Reached XP level 6. HP: 21/46 MP: 0/10
  3431 | D:4      | Noticed Natasha
  3484 | D:4      | Killed Natasha
  3485 | D:4      | Reached XP level 7. HP: 43/51 MP: 7/11
  3490 | D:4      | Learned a level 4 spell: Summon Ice Beast
  3497 | D:4      | Noticed Natasha
  3504 | D:4      | Killed Natasha
  3635 | D:4      | Noticed Menkaure
  3881 | D:5      | Entered Level 5 of the Dungeon
  3921 | D:5      | Found a shimmering altar of Xom.
  4132 | D:5      | Identified the +6 plate armour of Delicate Music {rF+}
  4524 | D:5      | Reached skill level 5 in Dodging
  4683 | D:5      | Found a runed translucent door.
  4684 | D:5      | Noticed Crazy Yiuf
  5429 | D:5      | Killed Crazy Yiuf
  5687 | D:4      | Noticed Natasha
  5690 | D:4      | Noticed Eustachio
  5691 | D:4      | Killed Natasha
  5703 | D:4      | Reached skill level 8 in Ice Magic
  5726 | D:4      | Killed Eustachio
  5727 | D:4      | Reached skill level 1 in Summonings
  5727 | D:4      | Reached XP level 8. HP: 60/60 MP: 0/13
  6025 | D:4      | Found a staircase to the Ecumenical Temple.
  6044 | Temple   | Entered the Ecumenical Temple
  6191 | Temple   | Became a worshipper of Gozag Ym Sagoz the Greedy
  6291 | D:4      | Noticed Blork the orc
  6309 | D:4      | Killed Blork the orc
  6441 | D:4      | Found a burning altar of Makhleb.
  6441 | D:4      | Found a hazy altar of Hepliaklqana.
  6441 | D:4      | Found a white marble altar of Elyvilon.
  6447 | D:4      | Noticed a nameless horror
  6766 | D:6      | Found a glowing silver altar of Zin.
  6775 | D:6      | Found a bloodstained altar of Trog.
  6795 | D:6      | Noticed Duvessa
  6810 | D:6      | Noticed Dowan
  6821 | D:6      | Killed Duvessa
  6898 | D:6      | Killed Dowan
  7256 | D:6      | Reached skill level 9 in Ice Magic
  7323 | D:6      | Reached XP level 9. HP: 61/66 MP: 11/15
  7328 | D:6      | Learned a level 4 spell: Ice Form
  7497 | D:6      | Noticed Maggie
  7508 | D:6      | Killed Maggie
  7509 | D:6      | Reached skill level 5 in Fighting
  8066 | D:7      | Noticed a green ugly thing
  8066 | D:7      | Found a radiant altar of Vehumet.
  8067 | D:7      | Noticed a red ugly thing
  8073 | D:7      | Noticed a hornet
  8190 | D:7      | Found a transporter.
  8196 | D:7      | Found a transporter.
  8207 | D:7      | Found a broken altar of Ashenzari.
  8260 | D:7      | Found a sand-covered staircase.
  8277 | D:7      | Reached skill level 5 in Spellcasting
  8294 | Ossuary  | Entered an ossuary
  8481 | Ossuary  | Reached skill level 10 in Ice Magic
  8872 | Ossuary  | Reached skill level 1 in Transmutations
  8940 | Ossuary  | Reached skill level 5 in Summonings
  8944 | Ossuary  | Reached XP level 10. HP: 74/74 MP: 13/17
  9823 | D:8      | Found a staircase to the Lair.
  9825 | D:8      | Noticed a fire crab
 10003 | D:8      | HP: 3/74 [fire crab (8)]
 10012 | D:8      | Engulfed by a fire crab's flame

Illustrated notes

Levels and vault maps discovered:
D:1:      dpeg_arrival_pits, layout_basic
D:2:      layout_rooms, glass_columns_c
D:3:      layout_rooms, gup_sewer_entry_bowl, minmay_fractal_squares_diagonal_5,
          uniq_sigmund
D:4:      layout_basic, gammafunk_temple_overflow_forgotten,
          minmay_temple_entry_ruins, st_stairs_13, uniq_eustachio,
          uniq_menkaure, uniq_blork_the_orc, uniq_natasha
D:5:      layout_layer_cave, mainiacjoe_overflow_concentric_impassable,
          uniq_crazy_yiuf_cottage
D:6:      wad_woods_tower, layout_gridville, mainiacjoe_overflow_24_doors,
          mainiacjoe_overflow_cross_hatched, uniq_duvessa, uniq_maggie
D:7:      layout_loops_cross, cheibrodos_ashenzari_chains,
          gammafunk_temple_overflow_arena, nicolae_ossuary_entry_ruins
D:8:      minmay_angry_zag, layout_basic, minmay_lair_entry_lava
Temple:   hellmonk_temple_forest_ring

Skill      XL: |  1  2  3  4  5  6  7  8  9 10 |
---------------+-------------------------------+-----
Ice Magic      | 5 6 7 8 9 10 | 10.9
Dodging        | 3 4 5 6 7 |  7.2
Fighting       | 1 2 3 4 5 |  5.4
Spellcasting   | 3 4 5 |  5.0
Summonings     | 1 2 5 |  5.6
Transmutations | 2 3 |  3.7
Stealth        | |  2.1

Action                     |  1- 3 |  4- 6 |  7- 9 | 10-12 || total
---------------------------+-------+-------+-------+-------++-------
  Melee: Spear             |    40 |    87 |   338 |    19 ||   484
         Punch             |     1 |     1 |     6 |       ||     8
         Tailslap          |       |     2 |       |       ||     2
         Unarmed           |       |       |    46 |    26 ||    72
  Throw: Dart              |       |       |     1 |       ||     1
   Cast: Freeze            |    39 |    35 |    15 |    12 ||   101
         Frozen Ramparts   |     1 |    12 |    36 |     4 ||    53
         Ozocubu's Armour  |       |     2 |    22 |     1 ||    25
         Summon Ice Beast  |       |       |     7 |     1 ||     8
         Ice Form          |       |       |     2 |     1 ||     3
  Evoke: Wand              |       |     1 |       |       ||     1
    Use: Scroll            |     3 |     3 |    14 |     5 ||    25
         Potion            |       |       |       |     1 ||     1
   Stab: Sleeping          |       |     5 |     1 |       ||     6
         Distracted        |       |       |     4 |       ||     4
 Armour: Robe              |    14 |    24 |    65 |       ||   103
         Leather armour    |       |       |    21 |       ||    21
         Skin              |       |       |    10 |    10 ||    20
         Steam dragon scal |       |       |    74 |    11 ||    85
  Dodge: Dodged            |    58 |    66 |   374 |    63 ||   561
